AoeStats
← darador86

Black Forest

507904549Analyzed
4v4 RM · 14d ago on Sep 20, 2026· 52m 14s· 8 players
Game mode
Random Map
Map size
Large (8 player)
Population
200
Speed
Normal
Resources
Standard
Victory
Conquest
Starting age
Dark Age
Ending age
Imperial Age
RankedLock teamsTeams togetherTeam positionsShared explorationLock speedFull tech treeHidden civsTurbo modeCheats
Victory
Defeat
🇨🇳 Celts · China
699
+25
🇦🇷 Huns · Argentina
672
+11
🇨🇱 Teutons · Chile
633
+13
🇮🇳 Khmer · India
560
+14
🇭🇰 Huns · Hong Kong SAR China
586
-13
🇰🇷 Franks · South Korea
580
-13
🇮🇳 Burgundians · India
536
-11
🇲🇽 Chinese · Mexico
526
-11
sua106
7:49 Loom
10:40 Feudal Age
9:11 Horse Collar
9:56 Double-Bit Axe
12:47 Heavy Plow
18:50 Castle Age
18:17 Bow Saw
18:00 Gold Mining
18:03 Stone Mining
22:17 Crop Rotation
22:51 Two-Man Saw
23:44 Gold Shaft Mining
23:46 Stone Shaft Mining
26:42 Wheelbarrow
27:40 Hand Cart
27:11 Town Watch
30:45 Scale Barding Armor
30:51 Forging
31:06 Town Patrol
31:12 Caravan
31:25 Guilds
31:46 Coinage
37:10 Imperial Age
37:14 Burgundian Vineyards
42:05 Chain Barding Armor
42:21 Iron Casting
41:47 Scale Mail Armor
41:37 Fletching
41:32 Cavalier
42:16 Husbandry
43:03 Paladin
axizzz3pam
2:52 Loom
12:02 Feudal Age
16:46 Castle Age
16:01 Double-Bit Axe
20:04 Fletching
23:03 Wheelbarrow
23:36 Horse Collar
25:49 Town Watch
26:35 Hand Cart
27:18 Bow Saw
27:28 Fortified Wall
28:38 Caravan
28:34 Gold Mining
32:37 Imperial Age
32:30 Bodkin Arrow
32:36 Padded Archer Armor
32:37 Scale Mail Armor
32:53 Pikeman
32:56 Elite Fire Lancer
33:47 Squires
35:07 Two-Man Saw
33:49 Heavy Scorpion
35:33 Chemistry
34:55 Ballistics
34:43 Elite Skirmisher
35:43 Bracer
35:54 Forging
35:50 Scale Barding Armor
37:22 Conscription
37:23 Heavy Plow
38:02 Great Wall
40:43 Bloodlines
39:57 Cavalier
41:29 Leather Archer Armor
41:49 Iron Casting
40:48 Capped Ram
jcg2212
2:26 Loom
18:42 Feudal Age
20:06 Arson
20:15 Double-Bit Axe
25:16 Gold Mining
25:16 Stone Mining
26:55 Man-at-Arms
30:11 Scale Mail Armor
30:21 Forging
30:43 Scale Barding Armor
33:35 Castle Age
34:54 Gold Shaft Mining
34:32 Bow Saw
37:24 Wheelbarrow
37:25 Chain Barding Armor
37:21 Chain Mail Armor
37:42 Iron Casting
37:40 Squires
38:32 Ballistics
39:55 Caravan
44:10 Imperial Age
41:46 Padded Archer Armor
41:36 Fletching
41:46 Herbal Medicine
41:17 Pikeman
41:43 Gambesons
41:19 Long Swordsman
45:56 Hand Cart
47:24 Plate Barding Armor
47:19 Plate Mail Armor
47:50 Blast Furnace
46:31 Halberdier
46:32 Two-Handed Swordsman
47:19 Chivalry
48:17 Champion
48:23 Cavalier
49:03 Husbandry
48:24 Light Cavalry
49:35 #83
Queen
6:03 Loom
18:55 Feudal Age
20:26 Wheelbarrow
19:39 Horse Collar
19:48 Double-Bit Axe
20:05 Gold Mining
20:32 Stone Mining
29:30 Castle Age
30:16 Scale Barding Armor
30:12 Scale Mail Armor
30:13 Padded Archer Armor
32:11 Hand Cart
33:38 Chain Mail Armor
33:44 Chain Barding Armor
33:40 Leather Archer Armor
34:19 Gold Shaft Mining
33:48 Heavy Plow
34:05 Bow Saw
37:58 Husbandry
38:09 Bloodlines
37:19 Light Cavalry
39:21 Pikeman
43:29 Marauders
43:37 Marauders
48:18 Marauders
darador86
12:59 Feudal Age
15:19 Horse Collar
15:27 Double-Bit Axe
18:58 Castle Age
20:04 Bow Saw
19:56 Heavy Plow
20:35 Wheelbarrow
24:05 Town Watch
24:36 Hand Cart
25:15 Town Patrol
25:21 Caravan
29:50 Imperial Age
27:41 Padded Archer Armor
27:31 Fletching
27:52 Forging
27:42 Scale Mail Armor
28:00 Scale Barding Armor
30:21 Ballistics
29:59 Murder Holes
30:23 Leather Archer Armor
30:03 Bodkin Arrow
31:00 Gold Mining
31:01 Stone Mining
32:17 Gold Shaft Mining
32:48 Two-Man Saw
34:06 Chemistry
33:16 Masonry
33:32 Chain Barding Armor
33:27 Chain Mail Armor
33:48 Iron Casting
33:08 Bodkin Arrow
34:05 Marauders
34:26 Conscription
33:36 Elite Tarkan
35:43 Guilds
35:42 Husbandry
35:53 Bloodlines
36:32 Plate Barding Armor
36:37 Atheism
36:01 Cavalier
KickAss
11:56 Feudal Age
12:25 Double-Bit Axe
13:11 Horse Collar
19:48 Castle Age
18:43 Gold Mining
19:19 Stone Mining
21:02 Bow Saw
21:08 Heavy Plow
23:59 Gold Shaft Mining
28:52 Imperial Age
27:35 Stone Shaft Mining
28:27 Padded Archer Armor
28:18 Fletching
28:41 Forging
28:32 Scale Mail Armor
28:38 Scale Barding Armor
29:45 Wheelbarrow
28:58 Loom
28:59 Town Watch
30:13 Leather Archer Armor
29:54 Bodkin Arrow
31:36 Crop Rotation
32:05 Iron Casting
31:46 Chain Mail Armor
34:46 Hand Cart
35:04 Hand Cart
36:51 Elite Ballista Elephant
38:16 Ring Archer Armor
37:47 Bracer
38:42 Town Patrol
40:31 Tusk Swords
40:37 Double Crossbow
40:49 Pikeman
41:14 Arson
42:09 Chain Barding Armor
42:50 Blast Furnace
42:56 Chemistry
42:20 Ballistics
41:41 Halberdier
44:59 Capped Ram
*****1
8:03 Loom
10:13 Feudal Age
10:49 Double-Bit Axe
17:51 Castle Age
16:56 Horse Collar
17:08 Gold Mining
19:47 Bow Saw
28:30 Imperial Age
27:15 Gold Shaft Mining
28:09 Wheelbarrow
27:37 Heavy Plow
27:44 Stone Mining
29:51 Conscription
29:03 Sappers
30:47 Furor Celtica
31:18 Caravan
33:45 Hoardings
33:10 Heavy Scorpion
34:48 Guilds
34:52 Capped Ram
36:11 Onager
41:24 Siege Ram
43:59 Siege Engineers
45:38 Siege Onager
Pablorito III
1:10 Loom
18:17 Feudal Age
18:38 Horse Collar
18:48 Double-Bit Axe
18:56 Gold Mining
18:57 Stone Mining
20:03 Wheelbarrow
26:11 Castle Age
24:34 Arson
25:02 Forging
25:53 Scale Mail Armor
29:42 Bow Saw
30:32 Heavy Plow
30:57 Elite Skirmisher
31:40 Squires
31:01 Pikeman
33:25 Hand Cart
34:01 Chain Mail Armor
34:22 Iron Casting
36:26 Stone Shaft Mining
36:04 Masonry
36:20 Caravan
37:09 Ballistics
38:02 Coinage
43:20 Imperial Age
43:18 Iron Casting
42:43 Padded Archer Armor
43:21 Ironclad
43:45 Scale Barding Armor
46:06 Chemistry
45:12 Siege Engineers
46:10 Two-Man Saw
45:38 Sappers
48:12 Cavalier
52:19 Blast Furnace
Connection lost

Rejoining the realm…

Still unreachable

The connection could not be restored.

Session expired

The server has moved on; the page needs a fresh start.